 Dungeon Crawl Stone Soup version 0.26.0-16-gc1dbca0489 (webtiles) character file.

Game seed: 14611522590734441366

22 jackrogers the Skirmisher (level 3, 0/29 HPs)
             Began as a Formicid Abyssal Knight on Jan 22, 2021.
             Was a Follower of Lugonu.
             Succumbed to a kobold's poison
             ... on level 1 of the Dungeon.
             The game lasted 00:01:08 (853 turns).

jackrogers the Skirmisher (Formicid Abyssal Knight)  Turns: 853, Time: 00:01:09

Health: 0/29       AC:  3    Str: 17    XL:     3   Next: 7%
Magic:  4/4        EV: 11    Int: 11    God:    Lugonu [*.....]
Gold:   54         SH:  0    Dex: 10    Spells: 2/2 levels left

rFire    . . .     SeeInvis +   a - +1 falchion
rCold    . . .     Faith    .   (no shield)
rNeg     . . .     Spirit   .   b - +0 leather armour
rPois    .         Reflect  .   (helmet unavailable)
rElec    .         Harm     .   (no cloak)
rCorr    .         Rampage  .   (no gloves)
Will     .....                  (no boots)
Stlth    +.........             (no amulet)
HPRegen  0.09/turn              (no ring)
MPRegen  0.09/turn              (no ring)

@: lethally poisoned (0 -> -37)
A: permanent stasis, dig shafts and tunnels, four strong arms, antennae 3
a: Dig, Shaft Self, Renounce Religion, Depart the Abyss


You were on level 1 of the Dungeon.
You worshipped Lugonu.
Lugonu was aware of your devotion.
You visited 1 branch of the dungeon, and saw 1 of its levels.
You visited the Abyss 1 time.

You collected 54 gold pieces.

Inventory:

Hand Weapons
 a - a +1 falchion (weapon)
Armour
 b - a +0 leather armour (worn)
Scrolls
 c - a scroll of remove curse {unknown}
 d - a scroll of fear {unknown}
 f - a scroll of identify {unknown}
Potions
 e - a potion of invisibility {unknown}
 g - a potion of mutation {unknown}


   Skills:
 - Level 3.3 Fighting
 + Level 3.1 Long Blades
 - Level 2.2 Armour
 - Level 1.0 Dodging
 - Level 2.2 Invocations


You had 2 spell levels left.
You didn't know any spells.
Your spell library was empty.

Dungeon Overview and Level Annotations

Branches:
Dungeon (1/15)

Altars:


Innate Abilities, Weirdness & Mutations

You cannot be hasted, slowed, berserked, paralysed or teleported.
You can dig through walls and to a lower floor.
Your four strong arms can wield two-handed weapons with a shield.
You have a pair of large antennae on your head. (SInv)


Message History

You riposte.
You closely miss the leopard gecko. The leopard gecko closely misses you.
You riposte.
You hit the leopard gecko.
You kill the leopard gecko!
Lugonu accepts your kill.
You see here a leopard gecko corpse.
You start resting.
A goblin comes into view. It is wielding a +0 club.
A goblin is nearby!
A goblin is nearby!
A goblin is nearby!
The goblin barely misses you.
You hit the goblin. The goblin hits you but does no damage.
You hit the goblin.
You kill the goblin!
Lugonu accepts your kill.
No target in view!
No target in view!
A kobold comes into view. It is wielding a +0 short sword.
The kobold shouts!
A kobold is nearby!
A kobold is nearby!
The kobold hits you with a +0 short sword.
You hit the kobold.
The kobold closely misses you. x2; You riposte.
You hit the kobold but do no damage. You hit the kobold.
The kobold hits you with a +0 short sword.
You slash the kobold!
You kill the kobold!
Lugonu accepts your kill.
Your Long Blades skill increases to level 3!
No target in view!
No target in view!
You see here a +0 short sword.
A hobgoblin comes into view. It is wielding a +0 club.
The hobgoblin shouts!
A hobgoblin is nearby!
A hobgoblin is nearby!
A hobgoblin is nearby!
The hobgoblin closely misses you.
You closely miss the hobgoblin. The hobgoblin closely misses you.
You barely miss the hobgoblin. The hobgoblin misses you.
You barely miss the hobgoblin. The hobgoblin closely misses you.
You riposte.
You barely miss the hobgoblin. You hit the hobgoblin.
The hobgoblin completely misses you.
You riposte.
You hit the hobgoblin but do no damage. You slash the hobgoblin!
You kill the hobgoblin!
Lugonu accepts your kill.
You have reached level 3!
Your experience leads to an increase in your attributes!
Increase (s)trength, (i)ntelligence, or (d)exterity?
You feel stronger.
There's nothing to open nearby.
Things that are here:
a +0 club; a hobgoblin corpse You sense a monster nearby.
A kobold comes into view.
The kobold shouts!
A bat comes into view.
There are monsters nearby!
There are monsters nearby!
The bat misses you.
You closely miss the bat. The bat hits you but does no damage.
You hit the bat.
You kill the bat!
Lugonu accepts your kill. The kobold hits you but does no damage.
You hit the kobold.
You kill the kobold!
Lugonu accepts your kill.
No target in view!
No target in view!
You see here a kobold corpse.
g - a ruby potion You now have 54 gold pieces (gained 17).
A kobold comes into view.
It is wielding a +2 short sword of venom.
A kobold is nearby!
A kobold is nearby!
The kobold hits you with a +2 short sword of venom.
You are poisoned.
You completely miss the kobold.
You feel sick.
The kobold hits you with a +2 short sword of venom.
You are lethally poisoned!
You closely miss the kobold.
You feel sick.
The kobold hits you with a +2 short sword of venom.
You are more poisoned.
You barely miss the kobold.
You feel very sick.
The kobold hits you with a +2 short sword of venom.
* * * LOW HITPOINT WARNING * * *
You are more poisoned.
You hit the kobold.
* * * LOW HITPOINT WARNING * * *
You feel very sick. The kobold barely misses you.
Unknown command.
You hit the kobold.
You kill the kobold!
Lugonu accepts your kill.
You die...

..........................
#####.#.#####.###.####.###
#.#.# #.# #......... #.#.#
#.# #.####.### # #.# #.#
#.. ...... #.# #.# ###
##.### #.# #.# .
####.#.#####.### ...
.........@)...... .....
#####.#######.### ##### #.
#


There were no monsters in sight!

Vanquished Creatures
  3 leopard geckos (D:1)
  4 bats (D:1)
  2 goblins (D:1)
  A hobgoblin (D:1)
  8 kobolds (D:1)
  2 rats (D:1)
20 creatures vanquished.

Notes
Turn   | Place    | Note
-------+----------+-------------------------------------------
     0 | Abyss:1  | jackrogers the Formicid Abyssal Knight began the quest for
                  | the Orb.
     0 | Abyss:1  | Reached XP level 1. HP: 18/18 MP: 2/2
    17 | D:1      | Escaped the Abyss
    96 | D:1      | Reached skill level 1 in Dodging
   162 | D:1      | Reached XP level 2. HP: 23/24 MP: 3/3
   709 | D:1      | Reached skill level 3 in Long Blades
   780 | D:1      | Reached XP level 3. HP: 29/29 MP: 4/4
   851 | D:1      | HP: 6/29 [kobold/+2 short sword of venom (6)]
   853 | D:1      | Succumbed to a kobold's poison

Illustrated notes

Levels and vault maps discovered:
D:1:      dpeg_arrival_refuge, layout_basic

Skill      XL: |  1  2 |
---------------+-------+-----
Dodging        | 1 |  1.0
Long Blades    | 3 |  3.1
Fighting       | |  3.3
Armour         | |  2.2
Invocations    | |  2.2

Action                   || total
-------------------------++-------
Melee: Falchion          ||    73
Armor: Leather armour    ||    16
Dodge: Dodged            ||    56
       Rpst.: Falchion   ||    17

Table legend: (Time is in decaauts)
 A = Elapsed time spent in this place.
 B = Non-inter-level travel time spent in this place.
 C = Inter-level travel time spent in this place.
 D = Time resting spent in this place.
 E = Time spent auto-exploring this place.
 F = Levels seen in this place.
 G = Mean time per level.
                   A        B        C        D        E       F      G
               +--------+--------+--------+--------+--------+-----+--------+
         Total |    864 |    864 |      0 |    141 |    551 |   2 |  432.0 |
       Dungeon |    847 |    847 |      0 |    141 |    551 |   1 |  847.0 |
         Abyss |     17 |     17 |      0 |      0 |      0 |   1 |   17.0 |
               +--------+--------+--------+--------+--------+-----+--------+

Top non-repeatable levels by time:
     D:1: 847 daAuts
 Abyss:1: 17 daAuts

Table legend:
 A = Kills in this place as a percentage of kills in entire the game.
 B = Kills by you in this place as a percentage of kills by you in the entire game.
 C = Kills by friends in this place as a percentage of kills by friends in the entire game.
 D = Other kills in this place as a percentage of other kills in the entire game.
 E = Experience gained in this place as a percentage of experience gained in the entire game.
 F = Experience gained in this place divided by the number of levels of this place that you have seen.
                   A       B       C       D       E      F
               +-------+-------+-------+-------+-------+----------------------
         Total | 100.0 | 100.0 |   N/A |   N/A | 100.0 |  17.0
       Dungeon | 100.0 | 100.0 |   N/A |   N/A | 100.0 |  34.0
               +-------+-------+-------+-------+-------+----------------------
